 Dungeon Crawl Stone Soup version 0.20-a0-2-g2b0e13a (webtiles) character file.

14797 Kaname the Tainter (level 11, -2/80 (81) HPs)
             Began as a Demonspawn Venom Mage on Oct 28, 2016.
             Was a High Priest of Okawaru.
             Slain by an orc warrior
             ... wielding a +0 scimitar
              (20 damage)
             ... on level 1 of the Orcish Mines.
             The game lasted 01:17:17 (16295 turns).

Kaname the Tainter (Demonspawn Venom Mage)         Turns: 16295, Time: 01:17:18

HP:   -2/80 (81)    AC: 24    Str: 12    XL:     11   Next: 93%
MP:   2/17          EV: 11    Int: 28    God:    Okawaru [*****.]
Gold: 497           SH:  0    Dex: 12    Spells: 4 memorised, 1 level left

rFire  . . .     SeeInvis +     D - +3 flail of the Coward {speed, rC+ MR+ Str+3}
rCold  + + .     Gourm    .     y - +1 leather armour "Cole" {rElec MR+ Dex-3}
rNeg   . . .     Faith    +     (no shield)
rPois  .         Spirit   .     (helmet unavailable)
rElec  +         Reflect  .     H - +2 cloak of Restlessness {Dex+2}
rCorr  .         Harm     .     A - +2 pair of gloves {Dex+3}
MR     +++..                    I - +0 pair of boots of the Thirteen Wonders {Int+8 Dex-3} (curse)
Stlth  ++........               a - amulet of faith
                                O - ring of see invisible
                                N - ring of protection from magic

@: no status effects
A: horns 3, thin metallic scales 2, cold resistance 1, icemail, freezing cloud
immunity
a: Heroism, Finesse, Renounce Religion


You were on level 1 of the Orcish Mines.
You worshipped Okawaru.
Okawaru was extremely pleased with you.
You were very hungry.

You visited 2 branches of the dungeon, and saw 11 of its levels.
You also visited: Ossuary.

You collected 1105 gold pieces.
You spent 608 gold pieces at shops.

Inventory:

Hand Weapons
 b - the +1 short sword of Patterns {venom, rElec rF+ rC+}
   (You found it on level 7 of the Dungeon)

   It poisons the flesh of those it strikes.
   It protects you from fire.
   It protects you from cold.
   It insulates you from electricity.
 e - a +0 great sword
 D - the +3 flail of the Coward (weapon) {speed, rC+ MR+ Str+3}
   (You found it on level 6 of the Dungeon)

   Attacks with this weapon are significantly faster.
   It affects your strength (+3).
   It protects you from cold.
   It affects your resistance to hostile enchantments.
Armour
 o - the +1 leather armour of Least Resistance {*Slow Str+5 Int+2 SInv}
   (You found it on level 8 of the Dungeon)

   It affects your strength (+5).
   It affects your intelligence (+2).
   It lets you see invisible.
   It may slow you when you take damage.
 x - a +0 cloak
 y - the +1 leather armour "Cole" (worn) {rElec MR+ Dex-3}
   (You found it on level 5 of the Dungeon)

   It affects your dexterity (-3).
   It insulates you from electricity.
   It affects your resistance to hostile enchantments.
 A - a +2 pair of gloves of dexterity (worn)
 H - the +2 cloak of Restlessness (worn) {Dex+2}
   (You bought it in a shop on level 1 of the Orcish Mines)

   It affects your dexterity (+2).
 I - the cursed +0 pair of boots of the Thirteen Wonders (worn) {Int+8 Dex-3}
   (You bought it in a shop on level 1 of the Orcish Mines)

   It affects your intelligence (+8).
   It affects your dexterity (-3).
   It has a curse placed upon it.
Jewellery
 a - an amulet of faith (around neck)
 m - an uncursed amulet of rage
 s - a +2 amulet of reflection
 z - an uncursed amulet of regeneration
 L - an uncursed amulet of magic regeneration
 N - a ring of protection from magic (left hand)
 O - a ring of see invisible (right hand)
Wands
 d - a wand of digging (13/24)
Scrolls
 f - a scroll of holy word {unknown}
 h - 4 scrolls of recharging
 k - 2 scrolls of fog
 n - a scroll of teleportation
 q - 3 scrolls of amnesia
 t - a scroll of fear
 w - a scroll of blinking
 B - a scroll of remove curse
Potions
 i - a potion of beneficial mutation
 j - 5 potions of curing
 l - 2 potions of magic
 r - a potion of berserk rage {unknown}
 u - a potion of cancellation {unknown}
 v - a potion of flight
 C - a potion of haste
 F - a potion of might {unknown}
 P - a potion of cure mutation
Comestibles
 c - 8 bread rations
 p - a meat ration
 E - 3 fruits
 G - a royal jelly
 J - 5 slices of pizza
 K - 2 beef jerkies


   Skills:
 - Level 6.0 Fighting
 - Level 2.2 Short Blades
 - Level 1.7 Dodging
 + Level 3.6 Stealth
 - Level 4.0 Spellcasting
 - Level 10.0 Conjurations
 - Level 8.1 Fire Magic
 - Level 4.0 Air Magic
 - Level 10.0 Poison Magic
 - Level 7.0 Invocations


You had one spell level left.
You knew the following spells:

 Your Spells              Type           Power        Failure   Level  Hunger
a - Fireball              Conj/Fire      ######....   8%          5    #####..
b - Mephitic Cloud        Conj/Pois/Air  ######..     1%          3    ##.....
c - Olgreb's Toxic Radia  Pois           ######..     1%          4    ####...
d - Venom Bolt            Conj/Pois      ######....   4%          5    #####..


Dungeon Overview and Level Annotations

Branches:
Dungeon (9/15) Temple (0/1) D:7 Lair (0/6) D:9 Orc (2/2) D:9 Elf (0/3) Orc:1 Orc:2

Altars:
Ashenzari
Cheibriados
Fedhas
Gozag
Hepliaklqana
Kikubaaqudgha
Nemelex Xobeh
Okawaru
Ru
Sif Muna
Uskayaw
Xom
The Shining One
Beogh

Shops:
D:7 [   Orc:1 [

Annotations:
D:4 GsBirdie's ghost, amateur MiBe
Orc:2 Saint Roka


Innate Abilities, Weirdness & Mutations

You have a pair of large horns on your head.
You are mostly covered in thin metallic scales. (AC +3)
Your flesh is cold resistant. (rC+)
A meltable icy envelope protects you from harm. (AC +10)
You are immune to freezing clouds.


Message History

The orc warrior misses you.
You hit the orc warrior.
You headbutt the orc warrior, but do no damage.
The orc warrior is almost dead.
You barely miss the orc warrior.
The orc warrior is almost dead.
The orc warrior closely misses you.
You hit the orc warrior but do no damage.
The orc warrior is almost dead.
The orc warrior misses you.
You hit the orc warrior but do no damage.
The orc warrior is almost dead.
The orc warrior hits you with a scimitar!
* * * LOW HITPOINT WARNING * * *
You barely miss the orc warrior. Your headbutt misses the orc warrior.
The orc warrior is almost dead.
You hit the orc warrior but do no damage.
The orc warrior is almost dead.
The orc warrior hits you with a scimitar!!
You die...

....#..##
........#
.......## ..)...##
......# ..[)..#
###
.[....########.##
....<...#.#>#...##
.......[.......o@#
......#..^......##
....)###......###
.......##.#...#
........####.##
.##..#.## ###
###...## #...##
##...#


You could see an orc warrior.

Vanquished Creatures
  Donald (Orc:2)
  A hydra (D:8)
  An orc high priest (Orc:2)
  3 orc knights
  2 orc sorcerers
  Joseph (D:9)
  6 trolls
  2 wyverns
  A human (D:7)
  4 hogs (D:7)
  2 steam dragons (D:9)
  A hungry ghost (D:8)
  4 wargs
  4 ice beasts
  16 orc warriors
  A black bear (D:8)
  An eye of draining (D:9)
  2 phantoms
  4 necrophages
  6 ogres
  A centaur (D:8)
  3 crocodiles
  A big kobold (D:8)
  4 bullfrogs
  A water moccasin zombie (D:9)
  7 scorpions
  3 wights (D:7)
  7 howler monkeys
  3 crimson imps
  2 jellies
  2 human zombies (Ossuary)
  5 centaur zombies
  3 hounds
  23 orc wizards
  18 orc priests
  8 iguanas
  Natasha (thrice) (D:2 D:3)
  9 worker ants
  A killer bee zombie (D:7)
  2 big kobold zombies (Ossuary)
  A hound zombie (D:8)
  4 mummies
  Robin (D:3)
  A worker ant zombie (D:7)
  12 gnolls
  3 scorpion zombies (Ossuary)
  8 adders
  4 worms
  A dart slug (D:2)
  7 leopard geckos
  64 orcs
  2 ball pythons
  10 bats
  2 giant cockroaches
  12 goblins
  20 hobgoblins
  11 jackals
  10 quokkas
  2 frilled lizards (D:2)
  5 goblin zombies (Ossuary)
  A jackal skeleton (D:8)
  13 kobolds
  A kobold zombie (Ossuary)
  2 orc zombies (Ossuary)
  A quokka skeleton (D:4)
  11 rats
378 creatures vanquished.

Vanquished Creatures (others)
  2 orc priests (Orc:2)
  A mummy (Ossuary)
  2 scorpion zombies (Ossuary)
  An orc (Orc:2)
  A plant (D:8)
7 creatures vanquished.

Grand Total: 385 creatures vanquished

Notes
Turn   | Place    | Note
-------+----------+-------------------------------------------
     0 | D:1      | Kaname the Demonspawn Venom Mage began the quest for the Orb.
     0 | D:1      | Reached XP level 1. HP: 13/13 MP: 3/3
   119 | D:1      | Reached skill level 1 in Conjurations
   345 | D:1      | Gained mutation: Your flesh is cold resistant. (rC+) [demonic ancestry]
   345 | D:1      | Reached XP level 2. HP: 19/19 MP: 1/5
  1340 | D:2      | Noticed Natasha
  1364 | D:2      | Gained mutation: You have a pair of small horns on your head. [demonic ancestry]
  1364 | D:2      | Reached XP level 3. HP: 24/24 MP: 4/6
  1440 | D:2      | Killed Natasha
  1902 | D:2      | Found a sparkling altar of Nemelex Xobeh.
  1935 | D:2      | Gained mutation: You have a pair of horns on your head. [demonic ancestry]
  1935 | D:2      | Reached XP level 4. HP: 30/30 MP: 5/7
  2122 | D:2      | Learned a level 3 spell: Mephitic Cloud
  2732 | D:3      | Reached skill level 1 in Air Magic
  2760 | D:3      | Noticed Robin
  2771 | D:3      | Killed Robin
  3159 | D:3      | Noticed Natasha
  3163 | D:3      | Killed Natasha
  3163 | D:3      | Reached XP level 5. HP: 27/35 MP: 2/8
  3224 | D:3      | Found a shattered altar of Ashenzari.
  3979 | D:3      | Found a shimmering altar of Xom.
  3980 | D:3      | Found a hazy altar of Hepliaklqana.
  3980 | D:3      | Noticed a hell beast
  3981 | D:3      | Noticed a spectral ugly thing
  3981 | D:3      | Noticed a hell beast
  3997 | D:3      | Noticed Natasha
  4008 | D:3      | Killed Natasha
  4399 | D:3      | Learned a level 4 spell: Olgreb's Toxic Radiance
  4443 | D:4      | Reached skill level 5 in Poison Magic
  4443 | D:4      | Gained mutation: You are immune to freezing clouds. [demonic ancestry]
  4443 | D:4      | Reached XP level 6. HP: 41/41 MP: 6/9
  4521 | D:4      | Found a sand-covered staircase.
  4524 | D:4      | Noticed GsBirdie's ghost (amateur MiBe)
  4530 | Ossuary  | Entered an ossuary
  5216 | Ossuary  | Gained mutation: You are partially covered in thin metallic scales. (AC +2) [demonic ancestry]
  5216 | Ossuary  | Reached XP level 7. HP: 38/46 MP: 10/10
  5421 | Ossuary  | Reached skill level 5 in Conjurations
  7289 | D:4      | Got an ivory flail
  7290 | D:4      | Identified the +6 flail of Laceration {venom, Fragile rN+ Str+9} (You found it on level 4 of the Dungeon)
  7711 | D:5      | Entered Level 5 of the Dungeon
  7808 | D:5      | Got a steaming leather armour
  7826 | D:5      | Identified the cursed +1 leather armour "Cole" {rElec MR+ Dex-3} (You found it on level 5 of the Dungeon)
  7917 | D:5      | Found a glowing golden altar of the Shining One.
  8573 | D:5      | Gained mutation: You have a pair of large horns on your head. [demonic ancestry]
  8573 | D:5      | Reached XP level 8. HP: 49/52 MP: 12/12
  8793 | D:6      | Found an iron altar of Okawaru.
  8807 | D:6      | Became a worshipper of Warmaster Okawaru
  9123 | D:6      | Reached * piety under Okawaru
  9161 | D:6      | Found a sparkling altar of Nemelex Xobeh.
  9161 | D:6      | Found an opulent altar of Gozag.
  9235 | D:6      | Reached skill level 1 in Invocations
  9373 | D:6      | Got a shimmering flail
  9573 | D:6      | Learned a level 5 spell: Venom Bolt
  9720 | D:7      | Found a staircase to the Ecumenical Temple.
  9801 | D:7      | Gained mutation: You are mostly covered in thin metallic scales. (AC +3) [demonic ancestry]
  9801 | D:7      | Reached XP level 9. HP: 56/56 MP: 7/15
  9802 | D:7      | Reached ** piety under Okawaru
  9804 | D:7      | Reached skill level 5 in Invocations
 10069 | D:7      | Got a shimmering short sword
 10075 | D:7      | Identified the +1 short sword of Patterns {venom, rElec rF+ rC+} (You found it on level 7 of the Dungeon)
 10076 | D:7      | Identified the +3 flail of the Coward {speed, rC+ MR+ Str+3} (You found it on level 6 of the Dungeon)
 10098 | D:7      | Found Gulaynn's Antique Armour Shoppe.
 10146 | D:7      | Found a deep blue altar of Sif Muna.
 10331 | D:7      | Found a snail-covered altar of Cheibriados.
 10487 | D:8      | Reached *** piety under Okawaru
 10625 | D:8      | Found a sacrificial altar of Ru.
 10668 | D:8      | Got an ichor-stained leather armour
 10682 | D:8      | Identified the +1 leather armour of Least Resistance {*Slow Str+5 Int+2 SInv} (You found it on level 8 of the Dungeon)
 10847 | D:8      | Reached skill level 10 in Poison Magic
 11083 | D:8      | Gained mutation: A meltable icy envelope protects you from harm. (AC +10) [demonic ancestry]
 11083 | D:8      | Reached XP level 10. HP: 62/62 MP: 7/16
 11198 | D:8      | Found an ancient bone altar of Kikubaaqudgha.
 11199 | D:8      | Found a blossoming altar of Fedhas.
 11241 | D:8      | Noticed a five-headed hydra
 11311 | D:9      | Found a staircase to the Orcish Mines.
 11365 | D:9      | Noticed Joseph
 11383 | D:9      | Killed Joseph
 11637 | D:9      | Reached **** piety under Okawaru
 11637 | D:9      | Reached skill level 10 in Conjurations
 11763 | D:9      | Reached skill level 1 in Fighting
 12036 | D:8      | Found a hide-covered altar of Uskayaw.
 12039 | D:8      | Noticed a hand axe
 12040 | D:8      | Noticed a hand axe
 12226 | D:8      | Killed a five-headed hydra
 12226 | D:8      | Reached skill level 5 in Fighting
 12586 | D:9      | Reached skill level 1 in Short Blades
 12588 | D:9      | Reached ***** piety under Okawaru
 12822 | D:9      | Found a staircase to the Lair.
 12830 | D:9      | Learned a level 5 spell: Fireball
 13214 | D:9      | Reached skill level 1 in Fire Magic
 13412 | D:9      | Received a gift from Okawaru
 13412 | D:9      | Reached XP level 11. HP: 80/80 MP: 1/17
 13572 | Orc:1    | Entered Level 1 of the Orcish Mines
 13825 | Orc:1    | Noticed an orc sorcerer
 13853 | Orc:1    | Killed an orc sorcerer
 13860 | Orc:1    | Found Forchyuz's Antique Armour Emporium.
 13951 | Orc:1    | Bought a brightly glowing cloak for 304 gold pieces
 13951 | Orc:1    | Bought a pair of heavily runed boots for 304 gold pieces
 13957 | Orc:1    | Identified the cursed +0 pair of boots of the Thirteen Wonders {Int+8 Dex-3} (You bought it in a shop on level 1 of the Orcish Mines)
 13967 | Orc:1    | Identified the +2 cloak of Restlessness {Dex+2} (You bought it in a shop on level 1 of the Orcish Mines)
 14078 | Orc:1    | Found a roughly hewn altar of Beogh.
 14254 | Orc:2    | Entered Level 2 of the Orcish Mines
 14254 | Orc:2    | Found a staircase to the Elven Halls.
 14400 | Orc:1    | Noticed an orc knight
 14424 | Orc:2    | Killed an orc knight
 14801 | Orc:2    | Reached skill level 5 in Fire Magic
 14806 | Orc:2    | Noticed Donald
 15101 | Orc:2    | Received a gift from Okawaru
 15192 | Orc:2    | Noticed Saint Roka
 15406 | Orc:2    | Killed Donald
 15675 | Orc:2    | Noticed an orc knight
 15870 | Orc:2    | Killed an orc knight
 16021 | Orc:2    | Noticed an orc sorcerer
 16022 | Orc:2    | Killed an orc sorcerer
 16025 | Orc:2    | Noticed an orc high priest
 16025 | Orc:2    | Killed an orc high priest
 16038 | Orc:2    | Noticed an orc high priest
 16039 | Orc:2    | Noticed an orc knight
 16269 | Orc:1    | Killed an orc knight
 16295 | Orc:1    | Slain by an orc warrior

Vault maps used:
D:1:      minmay_arrival_wavy_path, dk_noncrumbling_4, kennysheep_boxes
D:2:      nemelex_spade_bored_becter, uniq_natasha
D:3:      kennysheep_six_static_rooms, regret_index_temple_of_mockery,
          ashenzari_conservatory_becter, uniq_robin
D:4:      nicolae_ossuary_entry_ruins, minmay_crossroads
D:5:      kennysheep_mini, first_bread
D:6:      grunt_temple_overflow_opulence, lemuel_round_altar,
          serial_corexii_hall, corexii_hall_statues_u, corexii_hall_statues_x,
          corexii_hall_statues_t
D:7:      slow_altar_2, serial_shops, shop, serial_undead, serial_undead_e,
          serial_undead_e, serial_undead_f, serial_undead_e, grunt_livestock,
          st_stairs_4, tgw_sif
D:8:      grunt_temple_overflow_growth_and_decay, dancing_weapons_uskayaw,
          nicolae_ru_great_annihilating_truth, small_statue_intersection
D:9:      erik_lair_dragon, orc_0_dummy, supply_closet_lemuel, uniq_joseph
Orc:1:    serial_shops, shop, minmay_orc_temple_a
Orc:2:    grunt_orc_tribal_feast, nicolae_orc_tapped_out, uniq_saint_roka,
          uniq_donald
Ossuary:  ossuary_minmay_scorpions

Skill      XL: |  1  2  3  4  5  6  7  8  9 10 11 |
---------------+----------------------------------+-----
Conjurations   | 1 2 3 4 6 8 10 | 10.0
Air Magic      | 2 4 |  4.0
Poison Magic   | 5 6 8 10 | 10.0
Spellcasting   | 3 4 |  4.0
Invocations    | 4 5 7 |  7.0
Fighting       | 6 |  6.0
Short Blades   | 2 |  2.2
Fire Magic     | 1 8 |  8.1
Stealth        | 3 |  3.6
Dodging        | |  1.7

Action                   |  1- 3 |  4- 6 |  7- 9 | 10-12 || total
-------------------------+-------+-------+-------+-------++-------
Melee: Unarmed           |     3 |       |       |       ||     3
       Dagger            |    40 |   168 |   179 |       ||   387
       Headbutt          |     3 |    27 |    67 |    70 ||   167
       Flail             |       |       |   311 |   525 ||   836
       Punch             |       |       |       |     2 ||     2
 Fire: Blowgun           |       |     2 |       |       ||     2
Throw: Tomahawk          |     3 |       |       |       ||     3
 Cast: Sting             |    70 |   101 |    43 |       ||   214
       Mephitic Cloud    |       |     2 |     5 |     2 ||     9
       Olgreb's Toxic Ra |       |       |    12 |    23 ||    35
       Venom Bolt        |       |       |     2 |    56 ||    58
       Fireball          |       |       |       |     2 ||     2
Invok: Heroism           |       |       |     2 |     7 ||     9
 Abil: Evoke Berserk Rag |       |       |     1 |       ||     1
Evoke: Wand              |       |       |     4 |     9 ||    13
  Use: Scroll            |       |     6 |    10 |     2 ||    18
       Potion            |       |     1 |     1 |     1 ||     3
 Stab: Sleeping          |     1 |       |     1 |       ||     2
       Confused          |       |       |     1 |     3 ||     4
  Eat: Chunk             |     4 |    11 |    15 |    35 ||    65
       Fruit             |       |     1 |     3 |     1 ||     5
       Meat ration       |       |       |     1 |       ||     1
       Beef jerky        |       |       |     1 |       ||     1
       Pizza             |       |       |       |     3 ||     3
Armor: Robe              |     6 |    21 |    25 |       ||    52
       Leather armour    |       |       |   124 |   227 ||   351
Dodge: Dodged            |    25 |   112 |   252 |   280 ||   669
Block: Other             |       |     2 |       |       ||     2
